 Dungeon Crawl Stone Soup version 0.21.0-3-g78d12a8 (webtiles) character file.

9516 tidbits the Covert (level 11, -14/77 HPs)
             Began as an Octopode Abyssal Knight on Jan 9, 2018.
             Was a Priest of Lugonu.
             Demolished by Rupert
             ... wielding a +3 great mace of venom
              (29 damage)
             ... while paralysed by Rupert
             ... on level 13 of the Dungeon.
             The game lasted 01:44:07 (9195 turns).

tidbits the Covert (Octopode Abyssal Knight)        Turns: 9195, Time: 01:44:07

Health: -14/77     AC:  1    Str: 13    XL:     11   Next: 47%
Magic:  4/19       EV:  2    Int: 13    God:    Lugonu [***...]
Gold:   105        SH:  0    Dex: 18    Spells: 7/19 levels left

rFire    . . .     SeeInvis +   a - +1 rapier (drain)
rCold    . . .     Gourm    .   (no shield)
rNeg     . . .     Faith    .   (helmet restricted)
rPois    .         Spirit   .   k - +4 amulet of reflection
rElec    .         Reflect  +   q - ring of stealth
rCorr    .         Harm     .   I - ring of see invisible
MR       .....                  (no ring)
Stlth    +++++.....             (no ring)
HPRegen  0.22/turn              (no ring)
MPRegen  0.16/turn              (no ring)
                                (no ring)
                                (no ring)

@: confused, paralysed, agile, hasted
A: almost no armour, stealthy swim, amphibious, 8 rings, constrict 8, camouflage
1, dopey 1, high mp 1, gelatinous body 1
a: Depart the Abyss, Bend Space, Banish, Renounce Religion


You were on level 13 of the Dungeon.
You worshipped Lugonu.
Lugonu was most pleased with you.
You were not hungry.

You visited 1 branch of the dungeon, and saw 13 of its levels.
You visited the Abyss 1 time.

You collected 543 gold pieces.
You spent 438 gold pieces at shops.

Inventory:

Hand Weapons
 a - a +1 rapier of draining (weapon)
   (You found it on level 7 of the Dungeon)
 n - a +0 shortbow
 B - a +0 trident
 D - a +2 short sword
 J - a +1 dagger of venom
   (You took it off an orc wizard on level 10 of the Dungeon)
 T - a +1 vampiric trident
   (You took it off an orc warrior on level 9 of the Dungeon)
 U - a +0 lajatang
 X - a +0 dagger
 Z - a cursed -1 morningstar
Missiles
 b - 382 stones
 e - 22 sling bullets
 f - 44 poisoned needles
 o - 165 arrows
 r - 9 tomahawks
 s - a throwing net {!f}
 u - 58 bolts
 N - a javelin (quivered)
 V - a tomahawk of returning
Magical Staves
 y - an uncursed staff of conjuration {unknown}
   (You found it on level 6 of the Dungeon)
 Y - an uncursed staff of cold {unknown}
   (You found it on level 12 of the Dungeon)
Jewellery
 k - a +4 amulet of reflection (around mantle)
   (You found it on level 2 of the Dungeon)
 l - an uncursed ring of teleportation
   (You found it on level 2 of the Dungeon)
 q - a ring of stealth (left tentacle)
   (You found it on level 10 of the Dungeon)
 C - the ring "Asey" {rF+ MR- Str+4 SInv}
   (You found it on level 13 of the Dungeon)

   [ring of protection from fire]

   It affects your strength (+4).
   It protects you from fire.
   It affects your resistance to hostile enchantments.
   It lets you see invisible.
 I - a ring of see invisible (right tentacle)
   (You bought it in a shop on level 5 of the Dungeon)
Wands
 d - a wand of digging (14)
 j - a wand of random effects (6)
 A - a wand of polymorph (3)
 G - a wand of flame (3)
Scrolls
 g - 3 scrolls of immolation
 m - a scroll of enchant armour
 t - 4 scrolls of teleportation
 x - a scroll of noise
 E - a scroll of amnesia {unknown}
 H - a scroll of vulnerability
 L - a scroll of fear
 O - a scroll of summoning {unknown}
 Q - a scroll of remove curse
Potions
 h - 2 potions of curing
 i - 3 potions of cancellation
 v - 2 potions of resistance
 P - a potion of lignification
 R - a potion of agility
 S - 3 potions of might
Books
 z - a book of Minor Magic
   (You found it on level 6 of the Dungeon)

   Spells                             Type                      Level
   a - Magic Dart                     Conjuration                  1
   b - Blink                          Translocation                2
   c - Call Imp                       Summoning                    2
   d - Slow                           Hexes                        2
   e - Conjure Flame                  Conjuration/Fire             3
   f - Mephitic Cloud                 Conjuration/Poison/Air       3
 K - a Young Poisoner's Handbook
   (You found it on level 7 of the Dungeon)

   Spells                             Type                      Level
   a - Sting                          Conjuration/Poison           1
   b - Poisonous Vapours              Poison/Air                   2
   c - Mephitic Cloud                 Conjuration/Poison/Air       3
   d - Olgreb's Toxic Radiance        Poison                       4
   e - Venom Bolt                     Conjuration/Poison           5
 M - a book of Air
   (You found it on level 10 of the Dungeon)

   Spells                             Type                      Level
   a - Shock                          Conjuration/Air              1
   b - Swiftness                      Charms/Air                   2
   c - Static Discharge               Conjuration/Air              3
   d - Airstrike                      Air                          4
   e - Lightning Bolt                 Conjuration/Air              5
Comestibles
 c - 8 rations


   Skills:
 - Level 8.1 Fighting
 - Level 2.0 Short Blades
 - Level 7.7 Dodging
 - Level 10.2 Stealth
 + Level 4.5 Spellcasting
 - Level 2.1 Conjurations
 + Level 3.0 Charms
 - Level 2.3 Summonings
 - Level 2.0 Fire Magic
 + Level 4.2 Air Magic
 - Level 6.2 Poison Magic
 - Level 6.9 Invocations
 - Level 3.0 Evocations


You had 7 spell levels left.
You knew the following spells:

 Your Spells              Type           Power        Failure   Level  Hunger
c - Conjure Flame         Conj/Fire      #.......     24%         3    ###....
i - Call Imp              Summ           #.......     11%         2    ##.....
m - Mephitic Cloud        Conj/Pois/Air  ##......     11%         3    ###....
o - Poisonous Vapours     Pois/Air       ###...       3%          2    ##.....
W - Swiftness             Chrm/Air       ##......     7%          2    ##.....


Dungeon Overview and Level Annotations

Branches:
Dungeon (13/15)            Temple (0/1) D:5            Lair (0/6) D:11
 Vaults (0/5) D:13
    Orc: D:9-12

Altars:
Ashenzari
Dithmenos
Fedhas
Hepliaklqana
Uskayaw
Vehumet
Wu Jian

Shops:
D:5 *   D:10 ?

Portals:
Labyrinth: D:13

Annotations:
D:2 exclusion: moth of wrath
D:4 Edmund
D:8 corrupted, exclusion: adder, Gastronok
D:9 exclusion: downstairs
D:10 1 runed door
D:12 exclusion: wraith, Kirke, Maurice
D:13 Nessos, Rupert
Abyss:1 Erolcha, Harold


Innate Abilities, Weirdness & Mutations

You cannot wear most types of armour.
You are very stealthy in the water. (Stealth+)
You are amphibious.
You can wear up to eight rings at the same time.
You can use your tentacles to constrict eight enemies at once.
Your skin changes colour to match your surroundings (Stealth+).
Your rubbery body absorbs attacks. (AC +1, EV +1)
You are dopey. (Int -2)
You have an increased reservoir of magic. (+10% MP)


Message History

Your larval stingox beast poisons the orc wizard!
Your larval stingox beast closely misses the orc wizard.
The orc wizard closely misses your larval stingox beast.
Unknown command.
Rupert is engulfed in noxious fumes.
You see here a ration.
Unknown command.
Your larval stingox beast barely misses the orc wizard.
Your larval stingox beast closely misses the orc wizard.
Your larval stingox beast barely misses the orc wizard.
The orc wizard is engulfed in noxious fumes.
The orc wizard appears confused.
Unknown command.
You open the door.
The orc hits you from afar with a trident.
* * * LOW HITPOINT WARNING * * *
Your larval stingox beast hits the orc.
Your larval stingox beast closely misses the orc.
Your larval stingox beast barely misses the orc.
The orc wizard is engulfed in noxious fumes.
The orc wizard appears confused.
The orc wizard completely misses you.
Unknown command.
There is an open door here.
Unknown command.
Casting: Mephitic Cloud
Confirm with . or Enter, or press ? or * to list all spells.
Aiming: Mephitic Cloud
Press: ? - help, Shift-Dir - straight line, f - orc wizard
Aim: an orc wizard, wielding a dagger and wearing a robe (severely wounded, poisoned)
The ball explodes into a vile cloud!
The stinking cloud engulfs the orc wizard.
The orc wizard is severely wounded.
The stinking cloud engulfs the orc.
The orc is lightly wounded.
The stinking cloud engulfs the orc.
The stinking cloud engulfs Rupert.
Rupert is lightly wounded.
You hear the urgent ticking of a distant clock.
You hear a shout! x2
Your larval stingox beast hits Rupert but does no damage.
Your larval stingox beast stings Rupert.
Your larval stingox beast tramples Rupert but does no damage.
The orc wizard is engulfed in noxious fumes.
The orc wizard appears confused.
The orc wizard gestures wildly.
The orc wizard is engulfed in noxious fumes.
The orc wizard appears confused.
Rupert is engulfed in noxious fumes.
You hear a shout!
Unknown command.
Put on which piece of jewellery? (? for menu, Esc to quit)
You feel stronger.
C - the ring "Asey" (on tentacle) {rF+ MR- Str+4 SInv} Remove which piece of jewellery? (? for menu, Esc to quit)
You remove the ring "Asey" {rF+ MR- Str+4 SInv}.
Your larval stingox beast hits the orc wizard.
The orc wizard dies!
Lugonu accepts your kill. The orc completely misses you.
You block the orc's attack.
Press: ? - help, v - describe, . - travel
Here: Rupert, wielding a great mace of venom and wearing a chain mail (noxious fumes, lightly wounded)
The floor.
Unknown command.
Unknown command.
Evoke which item? (* to show all) (? for menu, Esc to quit)
Okay, then.
Unknown command.
Evoke which item? (* to show all) (? for menu, Esc to quit)
Aiming: Dig
Press: ? - help, Shift-Dir - straight line, f - you The rock shatters into small pieces.
Rupert is engulfed in noxious fumes.
Unknown command.
Unknown command.
Rupert is engulfed in noxious fumes.
Casting: Mephitic Cloud
Confirm with . or Enter, or press ? or * to list all spells.
Aiming: Conjure Flame
Press: ? - help, Dir - move target cursor The fire ignites!
Something closely misses your larval stingox beast.
The orc is engulfed in noxious fumes.
The orc appears confused.
Rupert yells loudly at you.
You suddenly lose the ability to move!
Your larval stingox beast hits Rupert!
Your larval stingox beast stings Rupert but does no damage.
Your larval stingox beast closely misses Rupert.
Something barely misses your larval stingox beast.
Your larval stingox beast appears confused.
Something hits your larval stingox beast.
Rupert is engulfed in blazing flames.
Rupert roars wildly at you.
You are confused.
Your larval stingox beast hits something.
Your larval stingox beast misses something.
Your larval stingox beast barely misses something.
Something hits your larval stingox beast.
Rupert is engulfed in blazing flames.
Rupert looks as if he doubts whether you exists.
Lugonu accepts your kill.
You feel a bit more experienced.
Rupert hits you with a great mace of venom!!
You die...

*,,,,,,,,* *,,+,,,,,,,,,,
*,,,,,,,,***,**,,,,,,,,,,
*,,,,,,,,+,,,**,,,,,,,,,,
*,,,,,,,,***##*,,,,,,,,,,
*,,,,,,,,* #.#*,,,,,,,,,,
*,,,,,,,,*#.# *,,,,,,,,,,
*#+******#.# *,,,,,,,,,,
#.#* ##.# *,,,,,,,,,,
#..#*##@# ********+**
*#..##@## *,,,,,,,*
*#..§## ####+####****
#####'#### #........,,,,
#....H...####.......∩,,,,
#.!.%.o..#..'........,,,,
#...)....#<##..V.....,,,,
#........+.##........,,,,
#.......o####........,,,,


You could see Rupert and a friendly larval stingox beast (confused).

Vanquished Creatures
  A two-headed ogre (D:12)
  2 unseen horrors (D:10)
  A centaur zombie (D:12)
  Grinder (D:3)
  2 wyverns
  A spriggan (D:7)
  A steam dragon (D:9)
  13 soldier ants (D:8)
  An orc warrior (D:9)
  2 ice beasts
  2 sky beasts
  4 ogres
  A phantom (D:8)
  2 necrophages
  4 centaurs
  Blork the orc (D:4)
  9 bullfrogs
  3 scorpions
  3 howler monkeys (D:9)
  3 crimson imps
  3 bullfrog zombies
  A quasit (D:8)
  A hound (D:6)
  2 jellies
  2 orc priests (D:9)
  5 bullfrog skeletons
  2 centaur skeletons
  An iguana (D:9)
  3 orc wizards
  13 worker ants
  A killer bee zombie (D:8)
  3 hound skeletons
  2 hound zombies
  Robin (D:3)
  10 adders
  11 gnolls
  3 shadow imps
  An ooze (D:5)
  A worm (D:3)
  9 dart slugs
  2 leopard geckos (D:1)
  21 orcs
  5 bats
  4 giant cockroaches
  13 goblins
  7 hobgoblins
  6 jackals (D:1)
  A quokka (D:6)
  4 ball pythons
  A frilled lizard (D:5)
  A jackal zombie (D:6)
  5 kobolds
  3 rats
205 creatures vanquished.

Vanquished Creatures (collateral kills)
  A wyvern skeleton (D:6)
  An orc wizard (D:13)
2 creatures vanquished.

Vanquished Creatures (others)
  A two-headed ogre (D:9)
  A queen ant (D:8)
  A manticore (D:11)
  The ghost of Inarius the Chiller, an amateur DrIE (D:3)
  A meliai zombie (D:13)
  6 soldier ants (D:8)
  An ice beast (D:12)
  12 worker ants (D:8)
  10 starspawn tentacles (D:8)
34 creatures vanquished.

Grand Total: 241 creatures vanquished

Notes
Turn   | Place    | Note
-------+----------+-------------------------------------------
     0 | Abyss:1  | tidbits the Octopode Abyssal Knight began the quest for the Orb.
     0 | Abyss:1  | Reached XP level 1. HP: 16/16 MP: 2/2
     0 | Abyss:1  | Found a corrupted altar of Lugonu.
     7 | D:1      | Escaped the Abyss
   128 | D:1      | Reached skill level 1 in Stealth
   209 | D:1      | Reached skill level 2 in Stealth
   209 | D:1      | Reached XP level 2. HP: 12/21 MP: 3/3
   353 | D:2      | Reached skill level 3 in Stealth
   453 | D:2      | Reached XP level 3. HP: 21/26 MP: 4/4
   481 | D:2      | Found a blossoming altar of Fedhas.
   498 | D:3      | Noticed Inarius's ghost (amateur DrIE)
   541 | D:2      | Noticed a moth of wrath
   557 | D:1      | Reached skill level 4 in Stealth
   571 | D:1      | Reached ** piety under Lugonu
   912 | D:2      | Reached skill level 5 in Stealth
   912 | D:2      | Reached XP level 4. HP: 25/31 MP: 5/5
  1119 | D:4      | Reached skill level 6 in Stealth
  1251 | D:5      | Entered Level 5 of the Dungeon
  1347 | D:4      | Noticed Edmund
  1440 | D:4      | Reached XP level 5. HP: 26/36 MP: 6/6
  1567 | D:4      | Reached skill level 7 in Stealth
  1569 | D:4      | Gained mutation: You are dopey. (Int -2) [potion of mutation]
  1569 | D:4      | Gained mutation: You have an increased reservoir of magic. (+10% MP) [potion of mutation]
  1689 | D:3      | Noticed Grinder
  1785 | D:4      | Noticed Blork the orc
  1813 | D:5      | Found a staircase to the Ecumenical Temple.
  1903 | D:5      | Found Veonuune's General Store.
  1908 | D:5      | Bought a potion of curing for 45 gold pieces
  2001 | D:5      | Noticed a necrophage
  2008 | D:5      | Killed a necrophage
  2008 | D:5      | Reached XP level 6. HP: 43/43 MP: 8/8
  2120 | D:5      | Reached skill level 4 in Fighting
  2144 | D:5      | Reached skill level 8 in Stealth
  2242 | D:5      | Noticed a sky beast
  2253 | D:5      | Killed a sky beast
  2295 | D:5      | Reached XP level 7. HP: 25/49 MP: 9/9
  2369 | D:5      | Reached skill level 9 in Stealth
  2395 | D:5      | Reached skill level 5 in Fighting
  2656 | D:6      | Reached *** piety under Lugonu
  2698 | D:6      | Learned a level 2 spell: Call Imp
  2739 | D:6      | Learned a level 3 spell: Conjure Flame
  2769 | D:6      | Reached skill level 1 in Summonings
  2769 | D:6      | Reached XP level 8. HP: 49/56 MP: 10/10
  2853 | D:6      | Reached skill level 1 in Spellcasting
  3016 | D:7      | Found a radiant altar of Vehumet.
  3048 | D:7      | Found a shattered altar of Ashenzari.
  3051 | D:7      | Found an ornate altar of the Wu Jian Council.
  3072 | D:7      | Reached skill level 1 in Conjurations
  3083 | D:7      | Reached skill level 1 in Fire Magic
  3251 | D:7      | Found a hide-covered altar of Uskayaw.
  3388 | D:7      | Noticed a spriggan baker
  3389 | D:7      | Killed a spriggan baker
  3389 | D:7      | Reached skill level 2 in Spellcasting
  3389 | D:7      | Reached skill level 2 in Conjurations
  3389 | D:7      | Reached skill level 2 in Summonings
  3389 | D:7      | Reached skill level 2 in Fire Magic
  3429 | D:7      | Reached skill level 1 in Evocations
  3431 | D:7      | Reached skill level 3 in Invocations
  3515 | D:8      | Found a hazy altar of Hepliaklqana.
  3526 | D:8      | Found a hazy altar of Hepliaklqana.
  3528 | D:8      | Noticed Gastronok
  3567 | D:8      | Found a shadowy altar of Dithmenos.
  3588 | D:8      | Reached skill level 2 in Evocations
  3683 | D:8      | Reached skill level 3 in Evocations
  3831 | D:9      | Reached skill level 6 in Fighting
  4053 | D:7      | Reached skill level 10 in Stealth
  4053 | D:7      | Reached XP level 9. HP: 62/62 MP: 13/13
  4060 | D:7      | Reached skill level 4 in Invocations
  4136 | D:7      | Learned a level 2 spell: Poisonous Vapours
  4160 | D:7      | Reached skill level 1 in Poison Magic
  4315 | D:9      | Noticed a troll
  4372 | D:10     | Entered Level 10 of the Dungeon
  4424 | D:10     | Found a runed door.
  4485 | D:10     | Reached **** piety under Lugonu
  4485 | D:10     | Reached skill level 2 in Poison Magic
  4703 | D:8      | Reached skill level 3 in Dodging
  4733 | D:8      | Reached skill level 3 in Poison Magic
  4738 | D:8      | Learned a level 3 spell: Mephitic Cloud
  4777 | D:8      | Noticed a queen ant
  4833 | D:8      | Reached skill level 4 in Dodging
  4875 | D:8      | Reached skill level 4 in Poison Magic
  4957 | D:8      | Reached skill level 5 in Poison Magic
  5004 | D:8      | Reached skill level 5 in Dodging
  5206 | D:8      | Reached skill level 6 in Poison Magic
  5206 | D:8      | Reached XP level 10. HP: 69/69 MP: 7/14
  5399 | D:5      | Bought an uncursed ring of see invisible for 225 gold pieces
  5504 | D:3      | Found a faded altar of an unknown god.
  5576 | D:3      | HP: 6/69 [bat (1)]
  5747 | D:3      | Banished Inarius's ghost
  5896 | D:3      | Noticed Robin
  5896 | D:3      | Killed Grinder
  5896 | D:3      | Reached skill level 6 in Dodging
  5904 | D:3      | Killed Robin
  6032 | D:4      | Killed Blork the orc
  6230 | D:5      | Bought a potion of heal wounds for 75 gold pieces
  6374 | D:9      | Noticed a two-headed ogre
  6393 | D:8      | Reached skill level 5 in Invocations
  6680 | D:8      | Reached skill level 7 in Fighting
  6789 | D:8      | Corrupted D:8
  6789 | D:8      | Noticed an ancient lich
  6789 | D:8      | Noticed a thrashing horror
  6789 | D:8      | Noticed a smoke demon
  6789 | D:8      | Noticed a starcursed mass
  6789 | D:8      | Noticed a large abomination
  6789 | D:8      | Noticed a tentacled monstrosity
  6789 | D:8      | Noticed a blizzard demon
  6789 | D:8      | Noticed a large abomination
  6789 | D:8      | Noticed an eidolon
  6789 | D:8      | Noticed a thrashing horror
  6789 | D:8      | Noticed an eidolon
  6789 | D:8      | Noticed a spatial maelstrom
  6789 | D:8      | Noticed a reaper
  6789 | D:8      | Noticed a tentacled starspawn
  6790 | D:8      | Noticed a thrashing horror
  6792 | D:8      | Killed a queen ant
  6793 | D:8      | Noticed a large abomination
  6793 | D:8      | Noticed a starcursed mass
  6798 | D:8      | Noticed a wizard
  6799 | D:8      | Noticed a thrashing horror
  6807 | D:8      | Noticed a large abomination
  6815 | D:8      | Noticed a thrashing horror
  7182 | D:10     | Noticed an unseen horror
  7212 | D:10     | Killed an unseen horror
  7212 | D:10     | Reached skill level 7 in Dodging
  7212 | D:10     | Reached skill level 6 in Invocations
  7429 | D:11     | Noticed a manticore
  7432 | D:11     | Banished a manticore
  7488 | D:11     | Noticed a four-headed hydra
  7683 | D:11     | Found a staircase to the Lair.
  7720 | D:10     | Noticed an unseen horror
  7735 | D:10     | Killed an unseen horror
  7735 | D:10     | Reached skill level 8 in Fighting
  7810 | D:10     | HP: 5/72 [fire bat (5)]
  7942 | D:9      | Reached skill level 1 in Air Magic
  7942 | D:9      | Reached XP level 11. HP: 25/77 MP: 14/17
  8078 | D:9      | Banished a two-headed ogre
  8078 | D:9      | Reached skill level 3 in Spellcasting
  8078 | D:9      | Reached skill level 2 in Air Magic
  8307 | D:10     | Learned a level 2 spell: Swiftness
  8420 | D:10     | Found Eskiuj's Magic Scroll Emporium.
  8424 | D:10     | Bought a scroll of magic mapping for 59 gold pieces
  8424 | D:10     | Bought a scroll of identify for 34 gold pieces
  8450 | D:10     | Noticed Erolcha
  8451 | D:10     | Banished Erolcha
  8451 | D:10     | Reached skill level 1 in Charms
  8451 | D:10     | Reached skill level 3 in Air Magic
  8762 | D:12     | Noticed Maurice
  8782 | D:12     | Reached skill level 4 in Spellcasting
  8782 | D:12     | Reached skill level 2 in Charms
  8925 | D:13     | Found a labyrinth entrance.
  8937 | D:12     | Noticed Kirke
  9001 | D:12     | Noticed a two-headed ogre
  9046 | D:12     | Killed a two-headed ogre
  9046 | D:12     | Reached skill level 4 in Air Magic
  9054 | D:12     | Noticed Harold
  9055 | D:12     | Banished Harold
  9069 | D:12     | Reached skill level 3 in Charms
  9104 | D:12     | Noticed a deep elf mage
  9132 | D:13     | Found a gate to the Vaults.
  9132 | D:13     | Noticed an unseen horror
  9132 | D:13     | Noticed Rupert
  9132 | D:13     | Noticed Nessos
  9132 | D:13     | Noticed an orc knight
  9132 | D:13     | Noticed a death knight
  9132 | D:13     | Noticed a skeletal warrior
  9145 | D:13     | Got a bound bronze ring
  9162 | D:13     | Paralysed by Rupert for 2 turns
  9185 | D:13     | Identified the ring "Asey" {rF+ MR- Str+4 SInv} (You found it on level 13 of the Dungeon)
  9191 | D:13     | Paralysed by Rupert for 6 turns
  9195 | D:13     | Demolished by Rupert

Skill      XL: |  1  2  3  4  5  6  7  8  9 10 11 |
---------------+----------------------------------+-----
Stealth        | 2 3 5 6 7 8 9 10 | 10.2
Fighting       | 4 5 6 8 |  8.1
Summonings     | 1 2 |  2.3
Spellcasting   | 2 4 |  4.5
Conjurations   | 2 |  2.1
Fire Magic     | 2 |  2.0
Evocations     | 3 |  3.0
Invocations    | 3 4 6 |  6.9
Poison Magic   | 6 |  6.2
Dodging        | 5 7 |  7.7
Air Magic      | 1 4 |  4.2
Charms         | 3 |  3.0
Short Blades   | |  2.0

Action                   |  1- 3 |  4- 6 |  7- 9 | 10-12 || total
-------------------------+-------+-------+-------+-------++-------
Melee: Short sword       |    65 |    68 |    58 |       ||   191
       Constrict         |    14 |    12 |    27 |    32 ||    85
       Tentacles         |    10 |     5 |    30 |    39 ||    84
       Rapier            |       |       |    91 |   191 ||   282
       Unarmed           |       |       |       |     8 ||     8
Throw: Stone             |     9 |     9 |     1 |       ||    19
       Tomahawk          |       |       |    29 |       ||    29
       Javelin           |       |       |       |     4 ||     4
 Cast: Call Imp          |       |       |    12 |     8 ||    20
       Conjure Flame     |       |       |    11 |    10 ||    21
       Poisonous Vapours |       |       |    25 |    52 ||    77
       Mephitic Cloud    |       |       |     1 |    14 ||    15
Invok: Bend Space        |       |       |     1 |     7 ||     8
       Banish            |       |       |       |     9 ||     9
       Corrupt           |       |       |       |     1 ||     1
Evoke: Wand              |       |       |    19 |    16 ||    35
       Box of beasts     |       |       |       |     1 ||     1
  Use: Scroll            |     3 |     7 |     3 |    12 ||    25
       Potion            |       |     4 |     5 |     6 ||    15
 Stab: Sleeping          |     6 |     9 |    15 |    14 ||    44
       Confused          |       |       |       |     4 ||     4
  Eat: Chunk             |       |     3 |     2 |     7 ||    12
       Ration            |       |     1 |     4 |     7 ||    12
Armor: Skin              |     6 |       |     7 |    20 ||    33
Dodge: Dodged            |    42 |    28 |    98 |   197 ||   365
Block: Other             |     7 |     5 |    21 |    44 ||    77
       Reflection        |       |       |     1 |       ||     1

Table legend:
 A = Turns spent in this place as a percentage of turns spent in the entire game.
 B = Non-inter-level travel turns spent in this place as a percentage of non-inter-level travel turns spent in the entire game.
 C = Inter-level travel turns spent in this place as a percentage of turns spent in this place.
 D = Turns resting spent in this place as a percentage of non-inter-level travel turns spent in this place.
 E = Turns spent auto-exploring this place as a percentage of non-inter-level travel turns spent in this place.
 F = Non-inter-level travel turns spent in this place divided by the number of levels of this place that you've seen.
                   A       B       C       D       E      F
               +-------+-------+-------+-------+-------+----------------------
         Total | 100.0 | 100.0 |  10.1 |   0.8 |   0.0 | 590.7
       Dungeon |  99.9 |  99.9 |  10.1 |   0.8 |   0.0 | 635.6
         Abyss |   0.1 |   0.1 |   0.0 |   0.0 |   0.0 |   7.0
               +-------+-------+-------+-------+-------+----------------------

Table legend:
 A = Kills in this place as a percentage of kills in entire the game.
 B = Kills by you in this place as a percentage of kills by you in the entire game.
 C = Kills by friends in this place as a percentage of kills by friends in the entire game.
 D = Other kills in this place as a percentage of other kills in the entire game.
 E = Experience gained in this place as a percentage of experience gained in the entire game.
 F = Experience gained in this place divided by the number of levels of this place that you have seen.
                   A       B       C       D       E      F
               +-------+-------+-------+-------+-------+----------------------
         Total | 100.0 | 100.0 | 100.0 | 100.0 | 100.0 | 971.1
       Dungeon | 100.0 | 100.0 | 100.0 | 100.0 | 100.0 | 1045.8
               +-------+-------+-------+-------+-------+----------------------

Vault maps used:
D:1:      dpeg_arrival_signposts
D:2:      fedhas_altar_1, tgw_trog, first_ration, chequers_big_river
D:3:      kennysheep_slugbush, nicolae_gozag_zags_fifth_avenue,
          chequers_ecumenical_altar_island, uniq_robin, uniq_grinder
D:4:      uniq_blork_the_orc, uniq_edmund
D:5:      minmay_temple_entry_mist, serial_shops, kennysheep_little_box
D:7:      nicolae_overflow_crystal_walls, lemuel_crystal_altar, kennysheep_mini,
          overflow_temple_1_default, the_bakery, mrwooster_statue_mirror
D:8:      nicolae_dithmenos_shadow_blocks, lemuel_doored_altar, basic_altar,
          minivault_29, uniq_gastronok
D:9:      david_orc_3
D:10:     serial_shops, shop, minmay_st_funbox, hangedman_decor_riveting,
          uniq_erolcha
D:11:     david_lair_shrubbed
D:12:     lemuel_flamethrower_3, uniq_kirke, uniq_harold, uniq_maurice
D:13:     david_vaults_3, special_room, lab_entry_generic, uniq_urug
